 Dungeon Crawl Stone Soup version 0.31.0 (webtiles) character file.

Game seed: 16333808816352383198

44 qw the Shooter (level 3, 0/21 HPs)
             Began as a Gargoyle Hunter on Jan 19, 2024.
             Slain by Terence
             ... wielding a +0 short sword
              (1 damage)
             ... on level 2 of the Dungeon.
             The game lasted 00:00:04 (1446 turns).

qw the Shooter (Gargoyle Hunter)                    Turns: 1446, Time: 00:00:04

Health: 0/21       AC:  8    Str: 14    XL:     3   Next: 60%
Magic:  3/3        EV: 10    Int:  9    God:
Gold:   35         SH:  0    Dex: 15    Spells: 2/2 levels left

rFire   . . .        a - +0 shortbow
rCold   . . .        (shield currently unavailable)
rNeg    + . .        e - +0 ring mail
rPois   inf          (no helmet)
rElec   +            (no cloak)
rCorr   .            (no gloves)
SInv    .            (no boots)
Will    .....        (no amulet)
Stlth   +            (no ring)
HPRegen 0.23/turn    (no ring)
MPRegen 0.08/turn

%: no passive effects
@: no status effects
A: sickness immunity, AC +3, negative energy resistance 1, electricity
resistance, torment resistance 1, petrification resistance
a: no special abilities


You were on level 2 of the Dungeon.
You visited 1 branch of the dungeon, and saw 2 of its levels.

You collected 35 gold pieces.


Innate Abilities, Weirdness & Mutations

You are immune to sickness and miasma.
Your stone body is resilient. (AC +3)
You are immune to poison.
You resist negative energy. (rN+)
You are resistant to electric shocks. (rElec)
You are resistant to unholy torment.
You are immune to petrification.


   Skills:
 + Level 2.2 Fighting
 - Level 5.0 Ranged Weapons
 - Level 1.1 Armour
 - Level 1.5 Dodging
 - Level 1.1 Stealth


You had 2 spell levels left.
You didn't know any spells.
Your spell library was empty.

Inventory:

Hand Weapons
 a - a +0 shortbow (weapon)
Armour
 e - a +0 ring mail (worn)
Scrolls
 c - a scroll of poison {unknown}
 f - a scroll of identify
 g - a scroll of noise {unknown}
Potions
 b - a potion of might {unknown}
 d - a potion of magic {unknown}

Dungeon Overview and Level Annotations

Branches:
Dungeon (2/15)

Altars:

Annotations:
D:2 Terence


Message History

The arrow hits Terence but does no damage.
Terence hits you with a +0 short sword. Terence closely misses you.
You shoot an arrow.
The arrow hits Terence but does no damage.
Terence closely misses you.
You shoot an arrow. The arrow barely misses Terence.
Terence hits you but does no damage.
You shoot an arrow. The arrow barely misses Terence.
Terence hits you but does no damage. Terence barely misses you.
You shoot an arrow. The arrow barely misses Terence.
Terence barely misses you.
You shoot an arrow.
The arrow hits Terence but does no damage.
Terence shouts, "Now you die!" Terence hits you but does no damage.
You shoot an arrow. The arrow hits Terence.
Terence is lightly wounded.
Terence hits you with a +0 short sword.
You shoot an arrow. The arrow hits Terence.
Terence is moderately wounded.
Terence hits you but does no damage. x2
You shoot an arrow. The arrow hits Terence.
Terence is moderately wounded.
Terence hits you with a +0 short sword.
You shoot an arrow. The arrow hits Terence.
Terence is heavily wounded.
Terence barely misses you.
You shoot an arrow.
The arrow hits Terence but does no damage.
Terence is heavily wounded.
Terence completely misses you.
You shoot an arrow. The arrow barely misses Terence.
Terence barely misses you. Terence hits you with a +0 short sword.
You shoot an arrow. The arrow hits Terence.
Terence is heavily wounded.
Terence barely misses you.
You shoot an arrow. The arrow closely misses Terence.
Terence hits you with a +0 short sword.
You die...
Terence says, "Time to find some more victims."

#.~....##.##.######.#
#.~.##.#.#..........#
##~###..###...#######
#~###.## #...#
###..#######.#
###.#...#.##
#.......## #.#..<.##
#@#...## #@#.....
##### #.#.####.
##...# #.#.# # #.....
#.#.# #..... #..
#..... #.. ##...# #..
##.## #. #.##


You could see Terence.

Vanquished Creatures
  Jessica (D:2)
  A ribbon worm (D:2)
  3 endoplasms
  4 kobolds
  A quokka (D:1)
  3 ball pythons
  2 frilled lizards
  A rat (D:2)
16 creatures vanquished.

Notes
Turn   | Place    | Note
-------+----------+-------------------------------------------
     0 | D:1      | qw the Gargoyle Hunter began the quest for the Orb.
     0 | D:1      | Reached XP level 1. HP: 12/12 MP: 1/1
     0 | D:1      | 0 ||| qw: Version: 0.3-a-132-g3d54051
     0 | D:1      | 0 ||| qw: Game counter: 122
     0 | D:1      | 0 ||| qw: Melee chars always use a shield: true
     0 | D:1      | 0 ||| qw: God list: Okawaru
     0 | D:1      | 0 ||| qw: Allow faded altars: false
     0 | D:1      | 0 ||| qw: Do Orc after clearing Dungeon:15 true
     0 | D:1      | 0 ||| qw: Do second Lair branch before Depths: true
     0 | D:1      | 0 ||| qw: Lair rune preference: random
     0 | D:1      | 0 ||| qw: Goals: Normal
     0 | D:1      | 0 ||| PLANNING D:1-11
   560 | D:1      | Reached XP level 2. HP: 14/17 MP: 2/2
   820 | D:1      | 820 ||| UPGRADING to +0 ring mail.
   830 | D:1      | 830 ||| DROPPING +0 leather armour.
   831 | D:1      | 831 ||| READING scroll labelled ERIERA RACUOTSI.
   832 | D:1      | 832 ||| READING 2 scrolls labelled FAGAIGOCAB.
   832 | D:1      | 832 ||| IDENTIFYING inky potion
   833 | D:1      | 833 ||| DROPPING scroll of butterflies.
   834 | D:1      | 834 ||| DROPPING potion of berserk rage.
  1075 | D:2      | Reached skill level 1 in Armour
  1075 | D:2      | 1075 ||| FLEEEEING.
  1161 | D:2      | Noticed Jessica
  1164 | D:2      | Killed Jessica
  1165 | D:2      | Reached skill level 5 in Ranged Weapons
  1165 | D:2      | Reached XP level 3. HP: 21/21 MP: 3/3
  1250 | D:2      | Found a faded altar of an unknown god.
  1420 | D:2      | Noticed Terence
  1441 | D:2      | HP: 5/21 [Terence/+0 short sword (3)]
  1444 | D:2      | HP: 1/21 [Terence/+0 short sword (5)]
  1446 | D:2      | Slain by Terence

Levels and vault maps discovered:
D:1:      dpeg_arrival_ternary, layout_loops_corners, minmay_shallow_snake_nest
D:2:      layout_loops_ring, hellmonk_ecumenical_altar_inner_sanctum,
          chequers_serial_rivers_micro_a, uniq_terence, uniq_jessica

Skill      XL: |  1  2 |
---------------+-------+-----
Armour         | 1 |  1.1
Ranged Weapons | 5 |  5.0
Fighting       | |  2.2
Dodging        | |  1.5
Stealth        | |  1.1

Action                     || total
---------------------------++-------
   Fire: Shortbow          ||    84
    Use: Scroll            ||     2
 Armour: Leather armour    ||     7
         Ring mail         ||    26
  Dodge: Dodged            ||    26

Table legend:
 A = Non-vault XP
 B = Vault XP
 C = Vault XP percentage of total XP
 D = Non-vault monster count
 E = Vault monster count
 F = Vault count percentage of total count
                 A         B        C        D         E       F
            +---------+---------+-------+---------+---------+-------
      Total |      25 |      38 |  60.3 |      14 |       2 |  12.5
            +---------+---------+-------+---------+---------+-------
        D:1 |      10 |       1 |   9.1 |       6 |       1 |  14.3
        D:2 |      15 |      37 |  71.2 |       8 |       1 |  11.1
            +---------+---------+-------+---------+---------+-------
